 Dungeon Crawl Stone Soup version 0.26.1-11-gd32895ea62 (webtiles) character file.

Game seed: 16453869043697494590

1092 GenialerGandalf the Chopper (level 8, -4/70 HPs)
             Began as a Hill Orc Fighter on May 12, 2021.
             Splashed by a jelly's acid (5 damage)
             ... on level 5 of the Dungeon.
             The game lasted 00:21:21 (5547 turns).

GenialerGandalf the Chopper (Hill Orc Fighter)      Turns: 5547, Time: 00:21:22

Health: -4/70      AC: -5    Str: 21    XL:     8   Next: 31%
Magic:  8/8        EV:  6    Int:  8    God:
Gold:   235        SH: 12    Dex: 10    Spells: 7/7 levels left

rFire    . . .     SeeInvis .   w - +4 dagger "Nener" {speed, +Inv rPois}
rCold    . . .     Faith    .   x - +2 kite shield {reflect}
rNeg     . . .     Spirit   .   g - +0 chain mail (curse)
rPois    +         Reflect  +   (no helmet)
rElec    .         Harm     .   (no cloak)
rCorr    .         Rampage  .   (no gloves)
Will     .....                  (no boots)
Stlth    ..........             (no amulet)
HPRegen  0.21/turn              (no ring)
MPRegen  0.11/turn              (no ring)

@: corroded
A: no striking features
a: Evoke Invisibility


You were on level 5 of the Dungeon.
You visited 1 branch of the dungeon, and saw 7 of its levels.

You collected 235 gold pieces.

Inventory:

Hand Weapons
 a - a +0 war axe
 v - a +4 hand axe of venom
 w - the +4 dagger "Nener" (weapon) {speed, +Inv rPois}
   (You found it on level 7 of the Dungeon)

   Attacks with this weapon are significantly faster.
   It protects you from poison.
   It lets you turn invisible.
Armour
 b - a +0 scale mail
 c - a +0 kite shield
 g - a cursed +0 chain mail (worn)
 x - a +2 kite shield of reflection (worn)
Jewellery
 q - an uncursed ring of positive energy
Wands
 p - a wand of polymorph (12)
Scrolls
 e - a scroll of blinking
 f - a scroll of magic mapping {unknown}
 l - 2 scrolls of teleportation {unknown}
 m - 2 scrolls of fear {unknown}
 n - a scroll of fog {unknown}
 r - 5 scrolls of remove curse
 s - 4 scrolls of amnesia
 y - 3 scrolls of identify
Potions
 d - 4 potions of might
 h - 3 potions of brilliance {unknown}
 i - 4 potions of curing {unknown}
 j - a potion of mutation {unknown}
 k - 2 potions of cancellation {unknown}
 o - 3 potions of flight
 t - 2 potions of heal wounds {unknown}
 u - a potion of lignification {unknown}


   Skills:
 + Level 5.8 Fighting
 + Level 0.4 Short Blades
 + Level 7.9 Axes
 + Level 5.6 Armour
 + Level 1.4 Dodging
 + Level 0.4 Stealth
 + Level 5.8 Shields


You had 7 spell levels left.
You didn't know any spells.
Your spell library contained the following spells:

 Spells                   Type           Power        Failure   Level
 Magic Dart               Conj           0%           100%        1
 Searing Ray              Conj           0%           100%        2
 Dazzling Flash           Conj/Hex       0%           100%        3
 Fulminant Prism          Conj/Hex       0%           100%        4
 Iskenderun's Mystic Bla  Conj/Tloc      0%           100%        4


Dungeon Overview and Level Annotations

Branches:
Dungeon (7/15)             Temple (0/1) D:4

Altars:
Kikubaaqudgha
Okawaru
Uskayaw


Message History

The jelly is severely wounded.
You barely miss the jelly.
The jelly is severely wounded.
The jelly hits you.
* * * LOW HITPOINT WARNING * * *
You are splashed with acid!
* * * LOW HITPOINT WARNING * * *
You hit the jelly but do no damage. The acid corrodes you!
Your hands burn!
* * * LOW HITPOINT WARNING * * *
The jelly is severely wounded.
The jelly barely misses you.
You hit the jelly but do no damage.
Your hands burn!
* * * LOW HITPOINT WARNING * * *
The jelly is severely wounded.
You hit the jelly but do no damage.
Your hands burn!
* * * LOW HITPOINT WARNING * * *
The jelly is severely wounded.
You block the jelly's attack.
You hit the jelly but do no damage.
Your hands burn!
You die...

... #...##...#
.... #........#
#...##........#
..............#
.......>......#
...##...##...#
. #...##+###
#......<.#
#......@.#
+......J.#
#...##...#
######...#
<...# .....#
.....# ......#


You could see a jelly.

Vanquished Creatures
  An orc warrior (D:7)
  2 ice beasts
  An ogre (D:5)
  A big kobold (D:7)
  2 scorpions
  A howler monkey (D:4)
  A bullfrog zombie (D:5)
  2 hounds
  A jelly (D:7)
  2 centaur skeletons
  An orc wizard (D:7)
  A bullfrog skeleton (D:4)
  An iguana (D:4)
  4 worker ants
  A hound skeleton (D:4)
  A worker ant zombie (D:5)
  5 adders
  A white imp (D:3)
  A worm (D:4)
  3 dart slugs
  10 orcs
  7 bats
  A giant cockroach (D:2)
  11 goblins
  9 hobgoblins
  2 jackals (D:2)
  16 kobolds
  8 frilled lizards
  A jackal zombie (D:5)
  6 rats (D:1)
104 creatures vanquished.

Vanquished Creatures (others)
  9 plants (D:3)
9 creatures vanquished.

Grand Total: 113 creatures vanquished

Notes
Turn   | Place    | Note
-------+----------+-------------------------------------------
     0 | D:1      | GenialerGandalf the Hill Orc Fighter began the quest for
                  | the Orb.
     0 | D:1      | Reached XP level 1. HP: 19/19 MP: 1/1
   278 | D:1      | Reached XP level 2. HP: 11/27 MP: 2/2
   281 | D:1      | Reached skill level 3 in Axes
  1025 | D:1      | Reached XP level 3. HP: 30/33 MP: 3/3
  1549 | D:2      | Found a hide-covered altar of Uskayaw.
  1629 | D:2      | Reached XP level 4. HP: 36/40 MP: 4/4
  2153 | D:3      | Reached skill level 4 in Axes
  3604 | D:4      | Reached XP level 5. HP: 46/47 MP: 5/5
  3621 | D:4      | Reached skill level 5 in Axes
  3621 | D:4      | Reached XP level 6. HP: 36/53 MP: 6/6
  3964 | D:4      | Found a staircase to the Ecumenical Temple.
  4179 | D:4      | Noticed an ice beast
  4183 | D:4      | Killed an ice beast
  4184 | D:4      | Reached skill level 6 in Axes
  4212 | D:4      | Reached skill level 1 in Dodging
  4414 | D:5      | Entered Level 5 of the Dungeon
  4415 | D:5      | Found an iron altar of Okawaru.
  4451 | D:5      | Reached XP level 7. HP: 47/60 MP: 7/7
  4469 | D:5      | You fall into a shaft and drop 2 floors!
  4484 | D:7      | Reached skill level 5 in Fighting
  4513 | D:7      | Reached skill level 7 in Axes
  4737 | D:7      | Reached skill level 5 in Shields
  4923 | D:7      | Got a crystal dagger
  4924 | D:7      | Identified the +4 dagger "Nener" {speed, +Inv rPois} (You
                  | found it on level 7 of the Dungeon)
  4957 | D:7      | Found an ancient bone altar of Kikubaaqudgha.
  5066 | D:6      | Reached skill level 5 in Armour
  5287 | D:6      | Reached XP level 8. HP: 69/69 MP: 8/8
  5546 | D:5      | HP: 1/70 [acid (3)]
  5547 | D:5      | Splashed by a jelly's acid

Illustrated notes

Levels and vault maps discovered:
D:1:      nicolae_arrival_washed_ashore, layout_basic, minmay_octomino_e4
D:2:      layout_rooms, nicolae_overflow_crystal_walls, grunt_ministairs_11,
          mrwooster_statue_mirror, st_stairs_9
D:3:      layout_loops_corners, minmay_crystal_water, serial_bayou_crossing
D:4:      layout_loops_cross, minmay_temple_entry_sparse_star
D:5:      layout_gridville, okawaru_ov_weapons_minmay, general_overflow_altar
D:6:      layout_basic, lemuel_round_altar, old_standard_altar,
          nicolae_elemental_shop
D:7:      layout_loops_cross, lemuel_round_altar,
          gammafunk_temple_overflow_statue, the_bakery

Skill      XL: |  1  2  3  4  5  6  7 |
---------------+----------------------+-----
Fighting       | 4 5 |  5.8
Axes           | 3 4 5 6 7 |  7.9
Shields        | 4 5 |  5.8
Armour         | 4 5 |  5.6
Dodging        | 1 |  1.4
Short Blades   | |  0.4
Stealth        | |  0.4

Action                   |  1- 3 |  4- 6 |  7- 9 || total
-------------------------+-------+-------+-------++-------
Melee: War axe           |   143 |   166 |    67 ||   376
       Dagger            |       |       |   136 ||   136
  Use: Scroll            |     1 |     4 |     1 ||     6
Armor: Scale mail        |    11 |       |       ||    11
       Chain mail        |   105 |    96 |    60 ||   261
Dodge: Dodged            |    29 |    48 |    32 ||   109
Block: Kite shield       |    93 |    91 |    73 ||   257
